 Dungeon Crawl Stone Soup version 0.31-a0-152-g6aa68a64a1 (webtiles) character file.

Game seed: 17319125081304512844

71 qw the Shooter (level 4, 0/37 (40) HPs)
             Began as a Naga Hunter on June 10, 2023.
             Slain by a wight
             ... wielding a +3 spear of freezing
              (1 damage)
             ... on level 3 of the Dungeon.
             The game lasted 00:00:33 (1658 turns).

qw the Shooter (Naga Hunter)                        Turns: 1658, Time: 00:00:34

HP:   0/37 (40)     AC:  2    Str: 13    XL:     4   Next: 24%
MP:   4/4           EV:  9    Int:  9    God:
Gold: 65            SH:  0    Dex: 17    Spells: 3/3 levels left

rFire   . . .        Y - +0 shortbow
rCold   . . .        (shield currently unavailable)
rNeg    . . .        c - +0 leather armour
rPois   +            (no helmet)
rElec   .            (no cloak)
rCorr   .            (no gloves)
SInv    +            (no barding)
Will    .....        (no amulet)
Stlth   ++           (no ring)
HPRegen 0.26/turn    (no ring)
MPRegen 0.09/turn

%: no passive effects
@: short of breath, drained, very slow
A: AC +1, large, see invisible, deformed body, poison resistance, slowness 2,
spit poison 1, naga tail 1
a: Spit Poison


You were on level 3 of the Dungeon.
You visited 1 branch of the dungeon, and saw 3 of its levels.

You collected 65 gold pieces.


Innate Abilities, Weirdness & Mutations

Your serpentine skin is tough. (AC +1)
You have supernaturally acute eyesight. (SInv)
Armour fits poorly on your strangely shaped body.
Your system is resistant to poisons. (rPois)
You cover ground very slowly.
You can spit poison.
You have a snake-like lower body.


   Skills:
 + Level 2.4 Fighting
 - Level 5.0 Ranged Weapons
 - Level 1.5 Dodging
 - Level 1.5 Stealth


You had 3 spell levels left.
You didn't know any spells.
Your spell library was empty.

Inventory:

Hand Weapons
 Y - a +0 shortbow (weapon)
Armour
 c - a +0 leather armour (worn)
Scrolls
 a - a scroll of fog {unknown}
Potions
 b - 2 potions of enlightenment {unknown}
 d - a potion of magic {unknown}
 i - a potion of curing {unknown}

Dungeon Overview and Level Annotations

Branches:
Dungeon (3/15)

Altars:
Makhleb


Message History

Press: ? - help, Shift-Dir - straight line, f - kobold The splash of poison misses the kobold.
The splash of poison hits the endoplasm.
The endoplasm is severely wounded.
The wight hits you from afar with a +3 spear of freezing.
The wight freezes you.
You shoot an arrow. The arrow closely misses the wight.
You hear a shout!
The wight barely misses you.
A goblin comes into view. It is wielding a +0 club.
You shoot an arrow. The arrow hits the kobold.
You kill the kobold!
You have got your breath back.
The wight barely misses you. The rat bites you.
The wight hits you from afar with a +3 spear of freezing!
You feel drained. The wight freezes you.
1654 ||| INVOKING Spit Poison.
Aiming: Spit Poison (1% risk of failure)
Press: ? - help, Shift-Dir - straight line, f - rat The splash of poison misses the rat.
The wight hits you from afar with a +3 spear of freezing!
The wight freezes you. The rat bites you but does no damage.
1655 ||| DRINKING potion of heal wounds.
You feel much better.
The wight hits you from afar with a +3 spear of freezing.
You feel drained. The wight freezes you. The rat bites you but does no damage.
You shoot an arrow.
The arrow hits the rat but does no damage.
You have got your breath back.
The wight hits you from afar with a +3 spear of freezing.
The wight freezes you. The rat barely misses you.
1657 ||| INVOKING Spit Poison.
Aiming: Spit Poison (1% risk of failure)
Press: ? - help, Shift-Dir - straight line, f/p - rat The splash of poison misses the rat.
The wight hits you from afar with a +3 spear of freezing.
You feel drained. The wight freezes you. The rat bites you but does no damage.
You shoot an arrow. The arrow closely misses the rat.
The wight hits you from afar with a +3 spear of freezing.
You die...

#####.###
#.# #.#
#.## #..#
#####'#####
#.........#
#.8..8..8.#
#....@....#
##+##r##+##


z#J g# .. .# #.. #. #.. # #+# You could see a wight, an endoplasm, a goblin and
a rat.

Vanquished Creatures
  2 adders (D:2)
  4 orcs (D:3)
  6 bats
  3 endoplasms
  A giant cockroach (D:2)
  3 goblins
  3 hobgoblins
  5 ball pythons
  8 frilled lizards
  9 kobolds
  5 rats
49 creatures vanquished.

Notes
Turn   | Place    | Note
-------+----------+-------------------------------------------
     0 | D:1      | qw the Naga Hunter began the quest for the Orb.
     0 | D:1      | Reached XP level 1. HP: 19/19 MP: 1/1
     0 | D:1      | 0 ||| qw: Version: 0.2-a-29-g767f381
     0 | D:1      | 0 ||| qw: Game counter: 3884
     0 | D:1      | 0 ||| qw: Always use a shield: true
     0 | D:1      | 0 ||| qw: God list: Okawaru
     0 | D:1      | 0 ||| qw: Allow faded altars: false
     0 | D:1      | 0 ||| qw: Do Orc after D:15 true
     0 | D:1      | 0 ||| qw: Do second Lair branch before Depths: true
     0 | D:1      | 0 ||| qw: Lair rune preference: random
     0 | D:1      | 0 ||| qw: Plans: Normal
     0 | D:1      | 0 ||| PLANNING D:1-11
    30 | D:1      | 30 ||| INVOKING Spit Poison.
    31 | D:1      | 31 ||| INVOKING Spit Poison.
    93 | D:1      | 93 ||| INVOKING Spit Poison.
   103 | D:1      | 103 ||| INVOKING Spit Poison.
   116 | D:1      | 116 ||| INVOKING Spit Poison.
   121 | D:1      | 121 ||| INVOKING Spit Poison.
   136 | D:1      | 136 ||| INVOKING Spit Poison.
   153 | D:1      | Reached skill level 4 in Ranged Weapons
   153 | D:1      | Reached XP level 2. HP: 26/26 MP: 2/2
   190 | D:1      | 190 ||| INVOKING Spit Poison.
   223 | D:1      | 223 ||| INVOKING Spit Poison.
   241 | D:1      | 241 ||| INVOKING Spit Poison.
   398 | D:1      | 398 ||| INVOKING Spit Poison.
   404 | D:1      | 404 ||| INVOKING Spit Poison.
   411 | D:1      | 411 ||| INVOKING Spit Poison.
   415 | D:1      | 415 ||| INVOKING Spit Poison.
   419 | D:1      | 419 ||| INVOKING Spit Poison.
   568 | D:1      | 568 ||| READING 2 scrolls labelled POCKOA WAMAAMP.
   569 | D:1      | 569 ||| READING scroll labelled CUROITSOMI.
   573 | D:1      | 573 ||| READING scroll labelled WEAJOTH HAACUA.
   574 | D:1      | 574 ||| READING scroll labelled PUDUPP URCHATIN.
   621 | D:1      | 621 ||| READING scroll labelled FOSI OPSALI.
   622 | D:1      | 622 ||| READING scroll labelled AXU JYAQISTREE.
   623 | D:1      | 623 ||| DROPPING scroll of noise.
   624 | D:1      | 624 ||| DROPPING scroll of butterflies.
   655 | D:2      | Found a burning altar of Makhleb.
   660 | D:2      | 660 ||| INVOKING Spit Poison.
   664 | D:2      | 664 ||| INVOKING Spit Poison.
   665 | D:2      | Reached XP level 3. HP: 32/32 MP: 3/3
   735 | D:2      | 735 ||| INVOKING Spit Poison.
   772 | D:2      | 772 ||| INVOKING Spit Poison.
   846 | D:2      | 846 ||| INVOKING Spit Poison.
   927 | D:2      | 927 ||| INVOKING Spit Poison.
   929 | D:2      | 929 ||| INVOKING Spit Poison.
   947 | D:2      | 947 ||| INVOKING Spit Poison.
  1047 | D:2      | 1047 ||| INVOKING Spit Poison.
  1208 | D:2      | 1208 ||| INVOKING Spit Poison.
  1221 | D:2      | 1221 ||| INVOKING Spit Poison.
  1243 | D:2      | 1243 ||| INVOKING Spit Poison.
  1245 | D:2      | Reached skill level 5 in Ranged Weapons
  1269 | D:2      | 1269 ||| INVOKING Spit Poison.
  1270 | D:2      | Reached XP level 4. HP: 39/39 MP: 4/4
  1402 | D:2      | 1402 ||| INVOKING Spit Poison.
  1493 | D:2      | 1493 ||| READING scroll labelled MOC WAESTRO.
  1494 | D:2      | 1494 ||| READING scroll labelled FAC ORPHULOLOTO.
  1495 | D:2      | 1495 ||| DRINKING 2 cyan potions.
  1554 | D:3      | 1554 ||| INVOKING Spit Poison.
  1558 | D:3      | 1558 ||| INVOKING Spit Poison.
  1610 | D:3      | 1610 ||| INVOKING Spit Poison.
  1651 | D:3      | 1651 ||| INVOKING Spit Poison.
  1654 | D:3      | 1654 ||| INVOKING Spit Poison.
  1654 | D:3      | HP: 9/39 [wight/+3 spear of freezing (4)]
  1655 | D:3      | 1655 ||| DRINKING potion of heal wounds.
  1657 | D:3      | 1657 ||| INVOKING Spit Poison.
  1657 | D:3      | HP: 3/37 [wight/+3 spear of freezing (3)]
  1657 | D:3      | HP: 1/37 [wight/+3 spear of freezing (2)]
  1658 | D:3      | Slain by a wight

Levels and vault maps discovered:
D:1:      dpeg_arrival_chambers_temple_mockup, layout_rooms,
          kennysheep_nondescript
D:2:      layout_basic, basic_altar
D:3:      minmay_chambers_of_threes, layout_basic

Skill      XL: |  1  2  3 |
---------------+----------+-----
Ranged Weapons | 4 5 |  5.0
Fighting       | |  2.4
Dodging        | |  1.5
Stealth        | |  1.5

Action                     |  1- 3 |  4- 6 || total
---------------------------+-------+-------++-------
   Fire: Shortbow          |    48 |    14 ||    62
Ability: Spit Poison       |    26 |     7 ||    33
    Use: Scroll            |     6 |     2 ||     8
         Potion            |       |     2 ||     2
 Armour: Leather armour    |     5 |     3 ||     8
  Dodge: Dodged            |     4 |     3 ||     7

Table legend:
 A = Non-vault XP
 B = Vault XP
 C = Vault XP percentage of total XP
 D = Non-vault monster count
 E = Vault monster count
 F = Vault count percentage of total count
                 A         B        C        D         E       F
            +---------+---------+-------+---------+---------+-------
      Total |     100 |       2 |   2.0 |      48 |       1 |   2.0
            +---------+---------+-------+---------+---------+-------
        D:1 |      30 |       0 |   0.0 |      21 |       0 |   0.0
        D:2 |      55 |       0 |   0.0 |      21 |       0 |   0.0
        D:3 |      15 |       2 |  11.8 |       6 |       1 |  14.3
            +---------+---------+-------+---------+---------+-------
